 Dungeon Crawl Stone Soup version 0.32-a0-576-g706899e69d (webtiles) character file.

Game seed: 10388142728195592297

296 Dittersdorf the Shield-Bearer (level 6, -4/39 HPs)
             Began as a Gargoyle Fighter on Mar 1, 2024.
             Slain by Duvessa
             ... wielding a +0 short sword
              (10 damage)
             ... on level 4 of the Dungeon.
             The game lasted 00:02:58 (2861 turns).

Dittersdorf the Shield-Bearer (Gargoyle Fighter)    Turns: 2861, Time: 00:02:59

Health: -4/39      AC: 12    Str: 21    XL:     6   Next: 34%
Magic:  15/15      EV:  9    Int:  9    God:
Gold:   95         SH:  4    Dex:  9    Spells: 5/5 levels left

rFire   + . .        a - +0 flail
rCold   . . .        c - +0 buckler
rNeg    + . .        b - +0 scale mail
rPois   ∞            k - +0 helmet
rElec   +            (no cloak)
rCorr   .            (no gloves)
SInv    .            (no boots)
Will    .....        (no amulet) Stlth
                     f - ring of magical power
HPRegen 0.26/turn    j - ring of protection from fire
MPRegen 0.14/turn

%: no passive effects
@: mighty
A: sickness immunity, AC +4, negative energy resistance 1, electricity
resistance, torment resistance 1, petrification resistance
a: no special abilities


You were on level 4 of the Dungeon.
You visited 1 branch of the dungeon, and saw 4 of its levels.

You collected 95 gold pieces.

Inventory:

Hand Weapons
 a - a +0 flail (weapon)
Armour
 b - a +0 scale mail (worn)
 c - a +0 buckler (worn)
 k - a +0 helmet (worn)
 p - the +2 robe of Resonance {rF+ Slay+2 Archmagi}
   (You found it on level 4 of the Dungeon)

   Slay+2:    It affects your accuracy & damage with ranged weapons and melee
   (+2).
   rF+:       It protects you from fire.
   Archmagi:  It increases the power of your magical spells.
Jewellery
 f - a ring of magical power (left hand)
 j - a ring of protection from fire (right hand)
 l - an amulet of the acrobat
 m - an amulet of regeneration
 o - a ring of willpower
Potions
 e - a potion of curing
 g - a potion of invisibility
 i - a potion of magic
 n - a potion of cancellation
 q - a potion of degeneration {unknown}


   Skills:
 + Level 4.6 Fighting
 + Level 3.5 Maces & Flails
 + Level 4.7 Armour
 + Level 4.7 Shields


You had 5 spell levels left.
You didn't know any spells.
Your spell library contained the following spells:

 Spells                   Type           Power      Damage    Failure   Level
 Ignite Poison            Fire/Alch      0%         N/A       100%        4
 Sticky Flame             Fire/Alch      0%         2d4       100%        4
 Ignition                 Fire           0%         3d3       100%        8


Dungeon Overview and Level Annotations

Branches:
Dungeon (4/15)
 Temple: D:4-7

Altars:
Elyvilon
Kikubaaqudgha
Nemelex Xobeh
Okawaru
Zin

Shops:
D:2 (

Annotations:
D:4 Dowan, Duvessa


Innate Abilities, Weirdness & Mutations

You are immune to sickness and miasma.
Your stone body is resilient. (AC +4)
You are immune to poison.
You resist negative energy. (rN+)
You are resistant to electric shocks. (rElec)
You are resistant to unholy torment.
You are immune to petrification.


Message History

You are too injured to fight recklessly!
The kobold hits you but does no damage. Dowan gestures at you while chanting.
The puff of flame hits you. You resist. Duvessa attacks as she pursues you!
Duvessa closely misses you. Duvessa attacks as she pursues you!
Duvessa barely misses you.
Dowan casts a spell.
Dowan blinks!
There is an open door here.
Duvessa attacks as she pursues you! Duvessa hits you but does no damage.
Dowan gestures wildly while chanting.
Dowan blinks!
Duvessa hits you with a +0 short sword.
You feel very mighty all of a sudden. Duvessa hits you but does no damage.
Throw: throwing net
Press: ? - help, Q - select action Shift-Dir - straight line, f - Duvessa
Aim: Duvessa, wielding a +0 short sword and wearing a +3 scale mail of poison resistance (lightly wounded, fast, 61% to hit)
You throw a throwing net.
The throwing net closely misses Duvessa.
The throwing net closely misses the kobold.
Duvessa hits you with a +0 short sword.
* * * LOW HITPOINT WARNING * * *
Duvessa barely misses you.
You thump Duvessa!
Duvessa is heavily wounded.
Duvessa hits you with a +0 short sword.
* * * LOW HITPOINT WARNING * * *
Duvessa says, "My weaknesses are his strengths!"
Duvessa hits you but does no damage.
You completely miss Duvessa.
Duvessa is heavily wounded.
Duvessa hits you but does no damage. Duvessa hits you with a +0 short sword.
* * * LOW HITPOINT WARNING * * *
You barely miss Duvessa.
Duvessa is heavily wounded.
Duvessa hits you but does no damage. You block Duvessa's attack.
You closely miss Duvessa.
Duvessa is heavily wounded.
You block Duvessa's attack. Duvessa hits you with a +0 short sword!
You die...

..###+####....##.##.##.##
........#####'##.##.####
.........#...........#
.........#...........#
...##....'...........#
#####...##...........#
######...........#
#.†..'...........#
#...##....##@##.##
#...########e##.#
#....#.....eK.#
#...##........#
######........#
..?........# ...........#
.........(## .##.......#


You could see Duvessa (fast), Dowan and a kobold.

Vanquished Creatures
  A bombardier beetle (D:4)
  A hound (D:4)
  A jelly (D:4)
  An orc priest (D:4)
  Jessica (D:3)
  Robin (D:3)
  6 adders
  2 ribbon worms
  3 dart slugs
  2 orcs (D:4)
  4 bats
  A bat zombie (D:3)
  2 endoplasms
  A giant cockroach (D:1)
  11 goblins
  9 hobgoblins
  4 quokkas
  4 ball pythons
  3 frilled lizards
  A frilled lizard zombie (D:3)
  5 kobolds
  4 rats
68 creatures vanquished.

Notes
Turn   | Place    | Note
-------+----------+-------------------------------------------
     0 | D:1      | Dittersdorf the Gargoyle Fighter began the quest for the
                  | Orb.
     0 | D:1      | Reached XP level 1. HP: 14/14 MP: 1/1
   141 | D:1      | Reached XP level 2. HP: 19/19 MP: 2/2
   907 | D:2      | Reached XP level 3. HP: 22/24 MP: 3/3
   915 | D:2      | Found Huobubi's Weapon Shoppe.
   987 | D:2      | Found a faded altar of an unknown god.
  1197 | D:2      | Reached XP level 4. HP: 29/29 MP: 4/4
  1622 | D:3      | Found a sparkling altar of Nemelex Xobeh.
  1675 | D:3      | Noticed Jessica
  1682 | D:3      | Killed Jessica
  1819 | D:3      | Found a white marble altar of Elyvilon.
  1947 | D:3      | Reached XP level 5. HP: 33/33 MP: 5/5
  1948 | D:3      | Noticed Robin
  2002 | D:3      | Killed Robin
  2033 | D:3      | Found an ancient bone altar of Kikubaaqudgha.
  2417 | D:4      | Reached XP level 6. HP: 34/39 MP: 6/6
  2574 | D:4      | Identified the +2 robe of Resonance {rF+ Slay+2 Archmagi}
  2699 | D:4      | Found a glowing silver altar of Zin.
  2776 | D:4      | Found an iron altar of Okawaru.
  2840 | D:4      | Noticed Duvessa
  2840 | D:4      | Noticed Dowan
  2861 | D:4      | Slain by Duvessa

Illustrated notes

Levels and vault maps discovered:
D:1:      mrwooster_arrival_statue_2, layout_loops_ring, minivault_24,
          hex_medium, serial_park_tiny_1, minivault_25, minmay_domino_2
D:2:      layout_loops_cross, serial_shops, nicolae_shop_statue_plus,
          nicolae_ecumenical_oubliette, amcnicky_mini_rare_corridor_liquid
D:3:      layout_basic, lemuel_zombie_altar_kikubaaqudgha,
          mainiacjoe_overflow_paths, elyvilon_altar_1, uniq_jessica, uniq_robin
D:4:      layout_gridville, mainiacjoe_overflow_small_starburst,
          hellmonk_okawaru_the_only_friend_you_need, uniq_duvessa

Skill      XL: |  1  2  3  4  5 |
---------------+----------------+-----
Shields        | 4 |  4.7
Fighting       | 4 |  4.6
Armour         | 4 |  4.7
Maces & Flails | 3 |  3.5

Action                     |  1- 3 |  4- 6 || total
---------------------------+-------+-------++-------
  Melee: Flail             |   108 |   182 ||   290
  Throw: Throwing net      |       |     1 ||     1
    Use: Scroll            |       |     4 ||     4
         Potion            |       |     1 ||     1
 Armour: Scale mail        |    75 |   159 ||   234
  Dodge: Dodged            |    53 |   105 ||   158
  Block: Buckler           |    18 |    51 ||    69

Table legend: (Time is in decaauts)
 A = Elapsed time spent in this place.
 B = Non-inter-level travel time spent in this place.
 C = Inter-level travel time spent in this place.
 D = Time resting spent in this place.
 E = Time spent auto-exploring this place.
 F = Levels seen in this place.
 G = Mean time per level.
                   A        B        C        D        E       F      G
               +--------+--------+--------+--------+--------+-----+--------+
         Total |   2942 |   2722 |    220 |     90 |   1965 |   4 |  735.5 |
       Dungeon |   2942 |   2722 |    220 |     90 |   1965 |   4 |  735.5 |
               +--------+--------+--------+--------+--------+-----+--------+

Top non-repeatable levels by time:
     D:1: 847 daAuts
     D:3: 798 daAuts
     D:2: 774 daAuts
     D:4: 521 daAuts
